Map: 얼어붙은 사원

Players

llllllllllll (Scarlett) - Winner!

  • Race: Zerg Zerg
  • League: Grandmaster

lIlIIlIlIll

  • Race: Terran Terran
  • League: Grandmaster

VOD

Have the link to the VOD?

Description

Time

  • Played on: April 13, 2016, 10:23 a.m.
  • Length: 5:00
Show
View Real Time Build Order
Export as new Build Order

llllllllllll Zerg - Winner!

Build Orders: Pool First 

Get SALT Encoding   

  12  0:01  Drone  
  13  0:08  Drone  
  14  0:15  Extractor  
  14  0:16  Drone  
  14  0:34  Spawning Pool  
  13  0:35  Drone  
  14  0:43  Overlord  
  14  1:02  Drone x2  
  16  1:05  Drone  
  17  1:20  Metabolic Boost, Queen  
  17  1:25  Zergling x2  
  20  1:28  Zergling x2  
  21  1:37  Drone  
  22  1:51  Hatchery  
  21  1:57  Overlord  
  21  2:02  Drone  
  22  2:19  Zergling x2  
  23  2:25  Zergling x2  
  24  2:33  Zergling x6  
  27  2:47  Zergling x2  
  27  2:49  Lair  
  28  3:00  Drone x2  
  30  3:09  Drone  
  30  3:10  Queen, Drone x3  
  35  3:17  Extractor  
  34  3:27  Drone x2  
  34  3:32  Overlord  
  36  3:49  Overlord  
  36  3:51  Drone x4  
  36  3:52  Drone x2  
  41  3:56  Spire  
  38  4:05  Queen  
  39  4:11  Queen  
  39  4:13  Spine Crawler, Drone  
  39  4:16  Drone  
  42  4:18  Drone  
  42  4:22  Drone  
  42  4:23  Drone  
  45  4:25  Drone  
  45  4:31  Zergling x4  
  48  4:35  Drone x2  
  48  4:38  Extractor  
Show
View Real Time Build Order
Export as new Build Order

lIlIIlIlIll Terran 

Build Orders:  

Get SALT Encoding   

  12  0:01  SCV  
  13  0:13  SCV  
  14  0:18  Supply Depot  
  14  0:25  SCV  
  15  0:40  SCV  
  15  0:42  Barracks  
  16  0:52  SCV  
  16  0:54  Refinery  
  17  1:04  SCV  
  18  1:16  SCV  
  19  1:31  Orbital Command  
  20  1:37  Reaper  
  20  1:39  Command Center  
  20  1:48  Supply Depot  
  20  1:57  SCV  
  21  2:09  Barracks Reactor  
  21  2:10  SCV  
  22  2:22  SCV  
  23  2:27  Refinery  
  23  2:32  Factory  
  23  2:34  SCV  
  23  2:45  Marine  
  23  2:46  Marine, SCV  
  26  2:58  SCV  
  27  3:01  Command Center  
  27  3:03  Marine x2  
  29  3:10  SCV  
  28  3:17  Starport  
  28  3:22  SCV  
  27  3:28  Hellion x2  
  27  3:33  Supply Depot  
  31  3:42  Barracks Tech Lab  
  31  3:47  Command Center  
  31  3:52  Supply Depot  
  31  3:54  SCV  
  31  3:55  Hellion  
  34  3:58  Hellion  
  36  4:06  SCV  
  37  4:12  Banshee  
  37  4:15  Orbital Command  
  40  4:19  Barracks Tech Lab  
  40  4:24  SCV  
  41  4:39  Barracks  
  41  4:42  Barracks, Factory Reactor  
  41  4:43  SCV  
Tags
 
Add a new tag
Caveats
  • Supply blocks, unpowered buildings, or Contaminate may cause inaccurate times.
  • Supply counts are checked every 10 seconds.